PUBA
KANATA CUBS @ EL PASO TEXANS
07/16/1972
 
TOP OF THE 1ST
Kanata Cubs batting - Pitching for El Paso Texans : LHP Clyde Haynes
Pitching: LHP Clyde Haynes
Batting: SHB Trent Cain 0-0: Ball
1-0: Foul Ball, location: 5DF
1-1: Ground out 1-3 (Groundball, 13S, EV 72.5 MPH)
Batting: RHB Ray Jackson 0-0: Foul Ball, location: 2F
0-1: Ball
1-1: Ball
2-1: Ball
3-1: Called Strike
3-2: Strikes out swinging
Batting: RHB Greg Wilson 0-0: Ball
1-0: Fly out, F7 (Flyball, 78S, EV 90.6 MPH)
Top of the 1st over - 0 runs, 0 hits, 0 errors, 0 left on base; Kanata 0 - El Paso 0
BOTTOM OF THE 1ST
El Paso Texans batting - Pitching for Kanata Cubs : LHP Paul Splittorff
Pitching: LHP Paul Splittorff
Batting: RHB Tadasuke Kobayashi 0-0: Swinging Strike
0-1: SINGLE (Line Drive, 56D, EV 105.6 MPH)
Batting: LHB Jim Mason 0-0: Foul Ball, location: 2F
0-1: Swinging Strike
0-2: Ball
1-2: Fly out, F8 (Line Drive, 8RD, EV 94.4 MPH)
Batting: SHB William Hoffman 0-0: Foul Ball, location: 9LSF
0-1: Fly out, F9 (Flyball, 9, EV 89.4 MPH)
Batting: SHB Dave Allison 0-0: Ball
1-0: Foul Ball, location: 9LMF
1-1: Ground out 2-3 (Groundball, 13S, EV 63.1 MPH)
Bottom of the 1st over - 0 runs, 1 hit, 0 errors, 1 left on base; Kanata 0 - El Paso 0
TOP OF THE 2ND
Kanata Cubs batting - Pitching for El Paso Texans : LHP Clyde Haynes
Batting: RHB Bob Sutton 0-0: Foul Ball, location: 3F
0-1: Called Strike
0-2: Foul Ball, location: 23F
0-2: Foul Ball, location: 2F
0-2: Ball
1-2: Ball
2-2: Foul Ball, location: 9LSF
2-2: Strikes out looking
Batting: RHB Glenn Bailey 0-0: Ball
1-0: Swinging Strike
1-1: Swinging Strike
1-2: Strikes out looking
Batting: RHB Ray Cooper 0-0: Ball
1-0: Swinging Strike
1-1: Called Strike
1-2: Foul Ball, location: 25F
1-2: Strikes out swinging
Top of the 2nd over - 0 runs, 0 hits, 0 errors, 0 left on base; Kanata 0 - El Paso 0
BOTTOM OF THE 2ND
El Paso Texans batting - Pitching for Kanata Cubs : LHP Paul Splittorff
Batting: RHB Tommy Hunter 0-0: Foul Ball, location: 9LMF
0-1: Ball
1-1: Ball
2-1: SINGLE (Groundball, 34D, EV 94.4 MPH)
Batting: RHB Ben Tobey 0-0: Ball
1-0: Foul Ball, location: 3F
1-1: Ball
2-1: Ball
3-1: Base on Balls
Tommy Hunter to second
Batting: LHB Chae-ung Pak 0-0: Ball
1-0: Called Strike
1-1: Ball
2-1: Ball
3-1: Bunted foul
3-2: Foul Ball, location: 2F
3-2: Foul Ball, location: 2F
3-2: Strikes out swinging
Batting: LHB Erik Baxter 0-0: Ball
1-0: Swinging Strike
1-1: Foul Ball, location: 5F
1-2: DOUBLE (Flyball, 78D, EV 101.3 MPH)
Tommy Hunter scores
Ben Tobey to third
Runner from 3rd tries for Home, SAFE, throw by LF to home
Batting: LHB José Carvajal 0-0: Ball
1-0: Ball
2-0: Swinging Strike
2-1: Foul Ball, location: 7LSF
2-2: Strikes out swinging
Batting: RHB Tadasuke Kobayashi 0-0: Called Strike
0-1: 2-RUN HOME RUN (Flyball, 78XD, EV 102.5 MPH), Distance : 422 ft
Batting: LHB Jim Mason 0-0: Ball
1-0: Foul Ball, location: 9LDF
1-1: Foul Ball, location: 2F
1-2: Ball
2-2: Fly out, F8 (Flyball, 8RD, EV 96.9 MPH)
Bottom of the 2nd over - 4 runs, 3 hits, 0 errors, 0 left on base; Kanata 0 - El Paso 4
TOP OF THE 3RD
Kanata Cubs batting - Pitching for El Paso Texans : LHP Clyde Haynes
Batting: LHB Ron Hodges 0-0: Ball
1-0: Called Strike
1-1: Ground out 4-3 (Groundball, 4, EV 84.4 MPH)
Batting: RHB Lee Todd 0-0: Ball
1-0: Ball
2-0: Fly out, F2 (Popup, 2R, EV 91.3 MPH)
Batting: SHB Bill North 0-0: SINGLE (Groundball, 6MD, EV 94.4 MPH)
Batting: SHB Trent Cain 0-0: Ball
Bill North steals 2nd base
1-0: Ball
2-0: Reached on error, E4 (Groundball, 13, EV 93.8 MPH)
Batting: RHB Ray Jackson 0-0: Called Strike
0-1: Foul Ball, location: 9LSF
0-2: Ball
1-2: Fly out, F9 (Flyball, 9LD, EV 110.6 MPH)
Top of the 3rd over - 0 runs, 1 hit, 1 error, 2 left on base; Kanata 0 - El Paso 4
BOTTOM OF THE 3RD
El Paso Texans batting - Pitching for Kanata Cubs : LHP Paul Splittorff
Batting: SHB William Hoffman 0-0: Called Strike
0-1: Fly out, F9 (Flyball, 9D, EV 100.0 MPH)
Batting: SHB Dave Allison 0-0: Ball
1-0: Called Strike
1-1: Swinging Strike
1-2: Ground out 5-3 (Groundball, 56S, EV 73.1 MPH)
Batting: RHB Tommy Hunter 0-0: Ball
1-0: DOUBLE (Line Drive, 9LM, EV 111.3 MPH)
Batting: RHB Ben Tobey 0-0: Ball
1-0: Ball
2-0: Foul Ball, location: 2F
2-1: Fly out, F8 (Flyball, 8RM, EV 80.6 MPH)
Bottom of the 3rd over - 0 runs, 1 hit, 0 errors, 1 left on base; Kanata 0 - El Paso 4
TOP OF THE 4TH
Kanata Cubs batting - Pitching for El Paso Texans : LHP Clyde Haynes
Batting: RHB Greg Wilson 0-0: Ball
1-0: Called Strike
1-1: DOUBLE (Line Drive, 89M, EV 105.6 MPH)
Batting: RHB Bob Sutton 0-0: Called Strike
0-1: Ball
Greg Wilson is caught stealing 3rd base 2-5
1-1: Ball
2-1: SINGLE (Line Drive, 78S, EV 106.9 MPH)
Batting: RHB Glenn Bailey 0-0: Ball
1-0: Ball
2-0: Ball
3-0: Called Strike
3-1: Fly out, F7 (Flyball, 7D, EV 102.5 MPH)
Batting: RHB Ray Cooper 0-0: Ball
1-0: Ball
2-0: Called Strike
2-1: Fly out, F2 (Popup, 2RF, EV 80.6 MPH)
Top of the 4th over - 0 runs, 2 hits, 0 errors, 1 left on base; Kanata 0 - El Paso 4
BOTTOM OF THE 4TH
El Paso Texans batting - Pitching for Kanata Cubs : LHP Paul Splittorff
Batting: LHB Chae-ung Pak 0-0: Called Strike
0-1: SINGLE (Line Drive, 4MD, EV 107.5 MPH)
Batting: LHB Erik Baxter 0-0: Foul Ball, location: 2F
0-1: Ball
1-1: Fly out, F8 (Flyball, 8RD, EV 102.5 MPH)
Batting: LHB José Carvajal 0-0: Foul Ball, location: 2F
0-1: Ball
1-1: Ball
2-1: Foul Ball, location: 7LMF
2-2: Strikes out looking
Batting: RHB Tadasuke Kobayashi 0-0: Called Strike
0-1: Ball
1-1: Ground out 4-3 (Groundball, 4MS, EV 77.5 MPH)
Bottom of the 4th over - 0 runs, 1 hit, 0 errors, 1 left on base; Kanata 0 - El Paso 4
TOP OF THE 5TH
Kanata Cubs batting - Pitching for El Paso Texans : LHP Clyde Haynes
Batting: LHB Ron Hodges 0-0: Ball
1-0: Called Strike
1-1: Ground out 6-3 (Groundball, 6, EV 85.6 MPH)
Batting: RHB Lee Todd 0-0: Called Strike
0-1: SINGLE (Flyball, 5D, EV 87.5 MPH)
Batting: SHB Bill North 0-0: Ball
1-0: Called Strike
1-1: Fielders Choice at 2nd, 5-4 (Groundball, 56, EV 86.9 MPH)
Batting: SHB Trent Cain 0-0: Called Strike
0-1: Ball
Bill North steals 2nd base
1-1: SINGLE (Line Drive, 56D, EV 96.9 MPH)
Bill North to third
Runner from 3rd tries for Home, SAFE, throw by LF to home
Batting: RHB Ray Jackson 0-0: Ball
1-0: Ball
2-0: Ball
3-0: Base on Balls
Trent Cain to second
Batting: RHB Greg Wilson 0-0: Swinging Strike
0-1: Ball
1-1: Called Strike
1-2: Ball
2-2: Ball
3-2: Foul Ball, location: 2F
3-2: Strikes out swinging
Top of the 5th over - 1 run, 2 hits, 0 errors, 2 left on base; Kanata 1 - El Paso 4
BOTTOM OF THE 5TH
El Paso Texans batting - Pitching for Kanata Cubs : LHP Paul Splittorff
Batting: LHB Jim Mason 0-0: Ball
1-0: Fly out, F8 (Flyball, 78S, EV 86.3 MPH)
Batting: SHB William Hoffman 0-0: Ground out 6-3 (Groundball, 6, EV 83.1 MPH)
Batting: SHB Dave Allison 0-0: Foul Ball, location: 2F
0-1: Fly out, F7 (Flyball, 7D, EV 109.4 MPH)
Bottom of the 5th over - 0 runs, 0 hits, 0 errors, 0 left on base; Kanata 1 - El Paso 4
TOP OF THE 6TH
Kanata Cubs batting - Pitching for El Paso Texans : LHP Clyde Haynes
Batting: RHB Bob Sutton 0-0: Ball
1-0: Foul Ball, location: 9LMF
1-1: Foul Ball, location: 2F
1-2: Ball
2-2: Ball
3-2: Foul Ball, location: 7LSF
3-2: SINGLE (Flyball, 8RS, EV 84.4 MPH)
Batting: RHB Glenn Bailey 0-0: Ball
1-0: Called Strike
1-1: Ball
2-1: Foul Ball, location: 9LSF
2-2: Ground out 4-3 (Groundball, 4S, EV 70.6 MPH)
Bob Sutton to second
Batting: RHB Ray Cooper 0-0: Ball
1-0: Ball
2-0: Called Strike
2-1: Called Strike
2-2: Ball
3-2: Foul Ball, location: 5FF
3-2: Strikes out looking
Pitching: RHP Tom Dukes
Batting: LHB Ron Hodges 0-0: Called Strike
0-1: Ball
1-1: Called Strike
1-2: Ball
2-2: Ball
3-2: Ground out 3-1 (Groundball, 34S, EV 86.9 MPH)
Top of the 6th over - 0 runs, 1 hit, 0 errors, 1 left on base; Kanata 1 - El Paso 4
BOTTOM OF THE 6TH
El Paso Texans batting - Pitching for Kanata Cubs : LHP Paul Splittorff
Batting: RHB Tommy Hunter 0-0: Called Strike
0-1: Ball
1-1: SINGLE (Line Drive, 9LS, EV 93.8 MPH)
Batting: RHB Ben Tobey 0-0: Ball
1-0: Foul Ball, location: 2F
1-1: Swinging Strike
1-2: Ground out U3 (Groundball, 3S, EV 65.6 MPH)
Tommy Hunter to second
Batting: LHB Chae-ung Pak 0-0: Ball
1-0: Called Strike
1-1: Ground out 4-3 (Groundball, 4S, EV 67.5 MPH)
Tommy Hunter to third
Batting: LHB Erik Baxter 0-0: Intentional Walk
Batting: LHB José Carvajal 0-0: Ball
1-0: Called Strike
1-1: Called Strike
1-2: Ball
2-2: Ground out 4-3 (Groundball, 34, EV 85.0 MPH)
Bottom of the 6th over - 0 runs, 1 hit, 0 errors, 2 left on base; Kanata 1 - El Paso 4
TOP OF THE 7TH
Kanata Cubs batting - Pitching for El Paso Texans : RHP Tom Dukes
Pinch Hitting: LHB Will Miller 0-0: Ball
1-0: Ball
2-0: Ground out 4-3 (Groundball, 4, EV 98.1 MPH)
Batting: SHB Bill North 0-0: Foul Ball, location: 2F
0-1: SINGLE (Groundball, 23, EV 61.3 MPH) (infield hit)
Batting: SHB Trent Cain 0-0: Ball
1-0: Ball
Bill North steals 2nd base
2-0: Ball
3-0: Called Strike
3-1: Base on Balls
Batting: LHB Joe Ward 0-0: Foul Ball, location: 5F
0-1: Ball
1-1: DOUBLE (Line Drive, 89D, EV 98.1 MPH)
Bill North scores
Trent Cain to third
Runner from 3rd tries for Home, throw by RF and OUT! 9-4-2
Joe Ward to third
Batting: RHB Greg Wilson 0-0: Ball
1-0: Called Strike
1-1: Foul Ball, location: 9LSF
1-2: Ground out 5-3 (Groundball, 5, EV 105.6 MPH)
Top of the 7th over - 1 run, 2 hits, 0 errors, 1 left on base; Kanata 2 - El Paso 4
BOTTOM OF THE 7TH
El Paso Texans batting - Pitching for Kanata Cubs : LHP Paul Splittorff
Now at 2B: Dave Hilton
Batting: RHB Tadasuke Kobayashi 0-0: Ball
1-0: Called Strike
1-1: Ball
2-1: Ball
3-1: Base on Balls
Batting: LHB Jim Mason 0-0: Ball
1-0: Fly out, F9 (Line Drive, 9D, EV 90.0 MPH)
Batting: SHB William Hoffman 0-0: Fly out, F6 (Popup, P, EV 85.0 MPH)
Batting: SHB Dave Allison 0-0: Ball
1-0: Foul Ball, location: 2F
1-1: Ground out 4-3 (Groundball, 4, EV 85.6 MPH)
Bottom of the 7th over - 0 runs, 0 hits, 0 errors, 1 left on base; Kanata 2 - El Paso 4
TOP OF THE 8TH
Kanata Cubs batting - Pitching for El Paso Texans : RHP Tom Dukes
Batting: RHB Bob Sutton 0-0: Ground out 6-3 (Groundball, 6, EV 108.1 MPH)
Pinch Hitting: LHB Keith O'Brien 0-0: Ball
1-0: Called Strike
1-1: Swinging Strike
1-2: Ball
2-2: Strikes out swinging, 2-3 out at first.
Batting: RHB Ray Cooper 0-0: Foul Ball, location: 9LSF
0-1: Ball
1-1: Ball
2-1: Ball
3-1: Reached on error, E1 (Groundball, 15S, EV 67.5 MPH)
Batting: LHB Ron Hodges 0-0: Ball
1-0: Swinging Strike
1-1: Ball
2-1: Foul Ball, location: 3FF
2-2: Foul Ball, location: 5SF
2-2: Ball
3-2: Reached on error, E5 (Groundball, 5, EV 81.9 MPH)
Ray Cooper to third
Pitching: RHP Bill Slayback
Pinch Hitting: SHB Todd Badger 0-0: Ball
1-0: Ball
2-0: Called Strike
2-1: Ball
3-1: Base on Balls
Ron Hodges to second
Batting: SHB Bill North 0-0: SINGLE (Line Drive, 78S, EV 94.4 MPH)
Ray Cooper scores
Ron Hodges to third
Todd Badger to second
Runner from 3rd tries for Home, throw by CF and OUT! 8-2
Top of the 8th over - 1 run, 1 hit, 2 errors, 2 left on base; Kanata 3 - El Paso 4
BOTTOM OF THE 8TH
El Paso Texans batting - Pitching for Kanata Cubs : LHP Paul Splittorff
Now at 2B: John Morris
Now at 3B: Ricardo Ortíz
Batting: RHB Tommy Hunter 0-0: Ball
1-0: Fly out, F9 (Flyball, 8RD, EV 97.5 MPH)
Batting: RHB Ben Tobey 0-0: Called Strike
0-1: Ball
1-1: Ball
2-1: Swinging Strike
2-2: Foul Ball, location: 9LSF
2-2: Fly out, F8 (Flyball, 78M, EV 92.5 MPH)
Batting: LHB Chae-ung Pak 0-0: Ball
1-0: Called Strike
1-1: Ball
2-1: Ground out U3 (Groundball, 34, EV 91.9 MPH)
Bottom of the 8th over - 0 runs, 0 hits, 0 errors, 0 left on base; Kanata 3 - El Paso 4
TOP OF THE 9TH
Kanata Cubs batting - Pitching for El Paso Texans : RHP Bill Slayback
Now at 2B: Craig Garrett
Batting: SHB Trent Cain 0-0: Foul Ball, location: 3F
0-1: Ground out 5-3 (Groundball, 5, EV 101.9 MPH)
Batting: LHB Joe Ward 0-0: Ball
1-0: Foul Ball, location: 23F
1-1: Ball
2-1: Ball
3-1: Fly out, F8 (Flyball, 8LXD, EV 106.3 MPH)
Batting: RHB Greg Wilson 0-0: Ball
1-0: Ball
2-0: Called Strike
2-1: Foul Ball, location: 2F
2-2: Foul Ball, location: 5F
2-2: Foul Ball, location: 2F
2-2: Ground out 1-3 (Groundball, 15S, EV 66.9 MPH)
Top of the 9th over - 0 runs, 0 hits, 0 errors, 0 left on base; Kanata 3 - El Paso 4
Wednesday, April 10th , 2024 - OOTP Baseball 24.8 Build 75